 Dungeon Crawl Stone Soup version 0.27-a0-1188-g73eefd5def (webtiles) character file.

Game seed: 5739837822918429285

65849 Sobieck the Severer (level 15, -11/124 (128) HPs)
             Began as a Hill Orc Fighter on May 21, 2021.
             Was the Champion of Qazlal.
             Killed from afar by an efreet (33 damage)
             ... with a fireball
             ... on level 15 of the Dungeon.
             The game lasted 01:11:02 (25578 turns).

Sobieck the Severer (Hill Orc Fighter)             Turns: 25578, Time: 01:11:02

HP:   -11/124 (128) AC: 24    Str: 30    XL:     15   Next: 17%
MP:   24/24         EV:  9    Int:  6    God:    Qazlal [******]
Gold: 952           SH: 30    Dex: 10    Spells: 14/14 levels left

rFire    + . .     SeeInvis +   a - +3 broad axe (vamp) {axe}
rCold    + . .     Faith    .   I - +3 kite shield {AC+3}
rNeg     + . .     Spirit   .   L - +0 plate armour
rPois    .         Reflect  +   w - +0 helmet
rElec    .         Harm     .   X - +0 cloak
rCorr    .         Rampage  .   V - +0 pair of gloves
Will     ++...     Clarity  +   k - +0 pair of boots of Agnosticism {rN+ Str+4 Int-2}
Stlth    ..........             b - amulet of reflection
HPRegen  0.30/turn              M - ring "Uhiwumesch" {*Corrode rC+ Slay+5 SInv}
MPRegen  0.19/turn              j - ring of willpower

@: protected from fire, hasted, lightly drained, repel missiles, very quick
A: clarity, subdued magic 1
a: Renounce Religion, Upheaval, Elemental Force, Disaster Area


You were on level 15 of the Dungeon.
You worshipped Qazlal.
Qazlal was exalted by your worship.
You visited 4 branches of the dungeon, and saw 23 of its levels.
You also visited: Gauntlet.

You collected 1473 gold pieces.
You spent 521 gold pieces at shops.


Innate Abilities, Weirdness & Mutations

You possess an exceptional clarity of mind.
Your spells are a little easier to cast, but a little less powerful.


   Skills:
 + Level 10.4 Fighting
 - Level 18.0 Axes
 + Level 11.2 Armour
 - Level 5.0 Dodging
 - Level 15.0 Shields
 + Level 13.2 Invocations
 + Level 1.9 Evocations


You had 14 spell levels left.
You didn't know any spells.
Your spell library contained the following spells:

 Spells                   Type           Power      Damage    Failure   Level
 Animate Skeleton         Necr           0%         N/A       96%         1
 Apportation              Tloc           0%         N/A       96%         1
 Corona                   Hex            0%         N/A       96%         1
 Magic Dart               Conj           0%         1d3       96%         1
 Pain                     Necr           0%         1d4       96%         1
 Summon Small Mammal      Summ           0%         N/A       96%         1
 Blink                    Tloc           N/A        N/A       99%         2
 Call Imp                 Summ           0%         N/A       99%         2
 Ensorcelled Hibernation  Hex/Ice        0%         N/A       99%         2
 Passwall                 Tmut/Erth      0%         N/A       99%         2
 Searing Ray              Conj           0%         3d3       99%         2
 Slow                     Hex            0%         N/A       99%         2
 Call Canine Familiar     Summ           0%         N/A       100%        3
 Confusing Touch          Hex            0%         N/A       100%        3
 Conjure Flame            Conj/Fire      0%         6-21      100%        3
 Dazzling Flash           Conj/Hex       0%         N/A       100%        3
 Mephitic Cloud           Conj/Pois/Air  0%         N/A       100%        3
 Summon Guardian Golem    Hex/Summ       0%         N/A       100%        3
 Swiftness                Air            0%         N/A       100%        3
 Tukima's Dance           Hex            0%         N/A       100%        3
 Vampiric Draining        Necr           0%         2d6       100%        3
 Animate Armour           Summ/Erth      0%         N/A       100%        4
 Animate Dead             Necr           0%         N/A       100%        4
 Cause Fear               Hex            0%         N/A       100%        4
 Fulminant Prism          Conj/Hex       0%         3d6       100%        4
 Iskenderun's Mystic Bla  Conj/Tloc      0%         2d3       100%        4
 Passage of Golubria      Tloc           N/A        N/A       100%        4
 Summon Ice Beast         Ice/Summ       0%         N/A       100%        4
 Summon Lightning Spire   Summ/Air       0%         N/A       100%        4
 Agony                    Necr           0%         N/A       100%        5
 Bolt of Magma            Conj/Fire/Erth 0%         4d4       100%        5
 Borgnjor's Vile Clutch   Necr/Erth      0%         N/A       100%        5
 Iskenderun's Battlesphe  Conj           0%         2d6       100%        5
 Lee's Rapid Deconstruct  Erth           0%         3d5*      100%        5
 Silence                  Hex/Air        0%         N/A       100%        5
 Yara's Violent Unravell  Hex/Tmut       0%         3d3       100%        5
 Death Channel            Necr           0%         N/A       100%        6
 Invisibility             Hex            0%         N/A       100%        6
 Iron Shot                Conj/Erth      0%         9d1       100%        6
 Shadow Creatures         Summ           N/A        N/A       100%        6
 Simulacrum               Ice/Necr       0%         N/A       100%        6
 Orb of Destruction       Conj           0%         N/A       100%        7
 Spellforged Servitor     Conj/Summ      0%         N/A       100%        7
 Discord                  Hex            0%         N/A       100%        8

Inventory:

Hand Weapons
 a - a +3 vampiric broad axe (weapon) {axe}
   (You found it in a Gauntlet)
 P - a +0 hand crossbow {crossbow}
   (You found it on level 8 of the Dungeon)
 Q - a +4 vorpal morningstar {mace}
   (You found it in a Gauntlet)
 S - the +8 hunting sling of the Leaping Jester {venom, rF++, sling}
   (You found it on level 12 of the Dungeon)

   It poisons the ammo it fires.
   It greatly protects you from fire.
Missiles
 c - 20 boomerangs {throwing}
 i - 723 stones {throwing}
 q - 158 sling bullets
 r - 198 bolts
 x - 3 datura-tipped darts {throwing}
 A - 75 poisoned darts {throwing}
 J - 2 curare-tipped darts {=fthrowing}
 W - 16 javelins (quivered) {throwing}
Armour
 k - the +0 pair of boots of Agnosticism (worn) {rN+ Str+4 Int-2}
   (You found it in a Gauntlet)

   It affects your strength (+4).
   It affects your intelligence (-2).
   It protects you from negative energy.
 w - a +0 helmet (worn)
   (You took it off Robin on level 3 of the Dungeon)
 I - a +3 kite shield of protection (worn)
   (You bought it in a shop on level 2 of the Dungeon)
 L - a +0 plate armour (worn)
   (You took it off an orc warrior on level 6 of the Dungeon)
 V - a +0 pair of gloves (worn)
   (You found it on level 11 of the Dungeon)
 X - a +0 cloak (worn)
   (You found it on level 9 of the Dungeon)
Jewellery
 b - an amulet of reflection (around neck)
   (You found it on level 1 of the Lair of Beasts)
 g - a ring of protection from fire
   (You found it on level 5 of the Lair of Beasts)
 j - a ring of willpower (right hand)
   (You found it on level 4 of the Dungeon)
 E - the ring of Hahailat {rC++ rN+}
   (You found it on level 10 of the Dungeon)

   [ring of positive energy]

   It greatly protects you from cold.
   It protects you from negative energy.
 K - a ring of resist corrosion
   (You found it on level 8 of the Dungeon)
 M - the ring "Uhiwumesch" (left hand) {*Corrode rC+ Slay+5 SInv}
   (You acquired it on level 5 of the Lair of Beasts)

   [ring of see invisible]

   It affects your accuracy and damage with ranged weapons and melee attacks
   (+5).
   It protects you from cold.
   It lets you see invisible.
   It may corrode you when you take damage.
 N - a ring of wizardry
   (You found it on level 7 of the Dungeon)
 O - the ring "Gasikamm" {Fly rCorr}
   (You found it in a Gauntlet)

   [ring of flight]

   It grants you flight.
   It protects you from acid and corrosion.
Wands
 p - a wand of iceblast (32)
   (You found it on level 7 of the Dungeon)
 s - a wand of flame (43)
   (You took it off a goblin on level 10 of the Dungeon)
 v - a wand of paralysis (27)
   (You found it on level 10 of the Dungeon)
 B - a wand of digging (6)
   (You found it on level 5 of the Lair of Beasts)
 U - a wand of mindburst (4)
   (You took it off a gnoll sergeant on level 8 of the Dungeon)
Scrolls
 e - 2 scrolls of summoning
 h - a scroll of silence {!r}
 o - 3 scrolls of immolation {!r!r}
 t - 4 scrolls of fear
 u - 3 scrolls of blinking {!r}
 y - 3 scrolls of teleportation {@r4}
 z - 2 scrolls of fog
 H - 6 scrolls of identify {@r1}
Potions
 d - 3 potions of might
 f - 4 potions of haste {@q3}
 l - a potion of invisibility
 m - 3 potions of magic
 n - 4 potions of curing {@q1}
 C - 2 potions of flight
 D - 6 potions of lignification {!q}
 F - a potion of heal wounds {@q2}
 G - a potion of attraction {!q}
 R - a potion of resistance
 Y - 2 potions of mutation {!q}
Miscellaneous
 T - a piece from Xom's chessboard (15/15)
   (You found it on level 2 of the Lair of Beasts)

Dungeon Overview and Level Annotations

Branches:
Dungeon (14/15)            Temple (1/1) D:4            Lair (6/6) D:10
  Swamp (0/4) Lair:3       Spider (0/4) Lair:4        Slime (0/5) Lair:5
    Orc (1/2) D:12         Depths (0/5) D:15        Gauntlet (visited)
 Vaults: D:13-14

Altars:
Dithmenos
Elyvilon
Fedhas
Gozag
Hepliaklqana
Kikubaaqudgha
Makhleb
Nemelex Xobeh
Qazlal
Sif Muna
Vehumet
Wu Jian
The Shining One

Shops:
D:2 [   D:7 (*=!   D:9 *

Annotations:
D:3 3 runed translucent doors, RennBougie's ghost, amateur TeBe
D:4 1 transporter
D:5 exclusion: downstairs
D:11 exclusion: downstairs
D:12 3 runed translucent doors, exclusion: downstairs, Synwij's ghost, journeyman DsFi
D:15 Jorgrun; Josephine
Lair:2 exclusion: oklob plant

####...## #.#.#
........## ##.#.#
##.......####....#
..........☼°.....#
*#.......##☼#O..##
##.......W###@##
##....#o####R###
###...oooWg§..#
##* #.o#4#o####@#
..#* #..#.. #.#
...##...#.## #.#
...........# #.#
#..##...##.# #.#
#..*#..##*,# #.#
...* *,* #.# ##.*
*,* #.# *#(****
*,* *,*


You could see Jorgrun, Josephine, an orc knight (strong), a freezing wraith, an
efreet, an orc sorcerer (strong), an orc warrior (strong), an ogre and an orc
(strong).


Message History

An orc comes into view. It is wielding a +0 whip.
The orc moves out of view.
You hear a shout!
A freezing wraith comes into view. 😮 HP[+1]
You closely miss Jorgrun. You slash the wraith!
You destroy the wraith!
Qazlal accepts your kill. You block Jorgrun's attack.
You slash Jorgrun!
You feel better.
An orc knight comes into view. It is wielding a +0 great sword.
The efreet gestures at you. The bolt of fire hits you. 😮 HP[-1]
You take 1 damage, and now have 87/124 hp.
You hit Jorgrun. Jorgrun casts a spell at you.
You are slowing down. 😮 HP[+1]
You closely miss Jorgrun.
Jorgrun points at you and mumbles some strange words.
The iron shot hits you!!!
You feel protected from physical attacks.
* * * LOW HITPOINT WARNING * * *
An orc sorcerer comes into view.
It is wielding a +0 dagger and wearing a +2 robe of willpower.
Your limbs are stiffening. 😨 HP[-28]
You take 28 damage, and now have 60/124 hp.
MASSIVE DAMAGE!! (PAUSE)
You feel yourself speed up.
An orc knight comes into view. It is wielding a +0 bardiche.
The efreet barely misses you. Jorgrun hits you but does no damage.
The orc knight roars a battlecry!
The orcs go into a battle-frenzy!
The orc sorcerer mumbles some strange words.
The efreet hits you with a +3 scimitar of flaming.
Your resistance to physical damage fades away.
You feel protected from fire. The efreet burns you.
Jorgrun casts a spell at you.
You easily resist.
You have turned to stone.
The efreet gestures at you. The bolt of fire hits you! You resist.
* * * LOW HITPOINT WARNING * * *
An orc wizard comes into view. It is wielding a +2 dagger of flaming.
Jorgrun gestures at you while chanting.
The wall shatters!
The blast of rock fragments hits you but does no damage.
You hear a shout!
The orc knight roars a battlecry!
The orcs go into a battle-frenzy!
The efreet hits you with a +3 scimitar of flaming!
* * * LOW HITPOINT WARNING * * *
The efreet burns you.
* * * LOW HITPOINT WARNING * * *
An ogre comes into view. It is wielding a +0 giant club.
Jorgrun hits you but does no damage. The efreet hits you but does no damage.
Jorgrun casts a spell at you.
Roots burst forth from the earth!
The grasping roots grab you!
* * * LOW HITPOINT WARNING * * *
The grasping roots constrict you. The efreet hits you but does no damage.
An orc warrior comes into view. It is wielding a +0 hand axe.
Jorgrun hits you with a +0 vorpal quarterstaff!
* * * LOW HITPOINT WARNING * * *
The grasping roots constrict you.
The efreet hits you with a +3 scimitar of flaming!
* * * LOW HITPOINT WARNING * * *
You feel more protected from fire. The efreet burns you.
Jorgrun hits you with a +0 vorpal quarterstaff!
* * * LOW HITPOINT WARNING * * *
x3 The grasping roots constrict you!
You hear a shout!
The efreet hits you but does no damage.
Jorgrun hits you with a +0 vorpal quarterstaff!
* * * LOW HITPOINT WARNING * * *
Your resistance to fire fades away.
You feel protected from physical attacks.
The grasping roots constrict you.
An orc comes into view. It is wielding a +0 short sword.
The efreet hits you but does no damage.
Jorgrun points at you and mumbles some strange words.
You easily resist.
The grasping roots constrict you.
You turn to flesh and can move again. 😱 HP[-38]
You take 38 damage, and now have 22/124 hp.
MASSIVE DAMAGE!! (PAUSE) Really read
u - 4 scrolls of blinking {!r}?
Blink to where?
Press: ? - help, Dir - move target You escape the roots' grasp.
As you read the scroll of blinking {!r}, it crumbles to dust.
The efreet gestures at you.
The fireball explodes!
The fireball engulfs you!!
Your resistance to physical damage fades away.
You feel protected from fire.
You die...

Skill      XL: |  1  2  3  4  5  6  7  8  9 10 11 12 13 14 15 |
---------------+----------------------------------------------+-----
Axes           | 3 4 6 14 15 16 17 18 | 18.0
Fighting       | 4 5 6 8 9 10 | 10.4
Armour         | 4 6 7 8 9 10 11 | 11.2
Shields        | 4 8 9 10 12 13 15 | 15.0
Invocations    | 3 5 9 10 12 13 | 13.2
Dodging        | 3 5 |  5.0
Evocations     | 1 |  1.9

Action                   |  1- 3 |  4- 6 |  7- 9 | 10-12 | 13-15 || total
-------------------------+-------+-------+-------+-------+-------++-------
Melee: War axe           |    95 |   104 |   249 |   232 |       ||   680
       Hand axe          |       |       |       |   662 |   517 ||  1179
       Broad axe         |       |       |       |       |   354 ||   354
       Morningstar       |       |       |       |       |    27 ||    27
 Fire: Hunting sling     |     3 |    27 |   117 |    21 |       ||   168
Throw: Boomerang         |       |       |       |       |    54 ||    54
       Javelin           |       |       |       |       |     1 ||     1
Invok: Elemental Force   |       |       |       |       |     1 ||     1
  Use: Scroll            |       |     6 |     4 |    10 |    10 ||    30
       Potion            |       |     1 |       |     8 |     2 ||    11
Armor: Scale mail        |    32 |       |       |       |       ||    32
       Chain mail        |    28 |    70 |    89 |       |       ||   187
       Plate armour      |       |       |    21 |   146 |   212 ||   379
Dodge: Dodged            |    31 |    35 |    56 |   164 |   180 ||   466
       Repelled          |       |       |       |     3 |     2 ||     5
Block: Kite shield       |    50 |    63 |   150 |   549 |   915 ||  1727
       Reflection        |       |       |       |       |     5 ||     5

Levels and vault maps discovered:
D:1:      erik_arrival_cave_to_civilisation [erik_arrival_cave_to_hall],
          layout_basic
D:2:      minmay_angry_zag, layout_basic, serial_glass, glass_columns_c,
          glass_columns_c, basic_altar, serial_shops,
          nicolae_shop_temple_entry_statues_fountains,
          chequers_ecumenical_altar_grove, uniq_jessica, uniq_natasha
D:3:      layout_basic, gammafunk_ghost_nasty_kobolds, uniq_robin
D:4:      layout_cave_pods, grunt_nemelex_the_gamble,
          minmay_temple_entry_offerings, kennysheep_generic_room_3
D:5:      layout_gridville, chequers_serial_rivers_room_b, uniq_eustachio
D:6:      layout_loops_ring
D:7:      cheibrodos_fertilizer, layout_gridville,
          fedhas_bush_and_centaur_altar, serial_shops,
          nicolae_shop_window_shopping, nicolae_shop_stone,
          kennysheep_mini_moat, shop, serial_bayou_pond_d,
          hangedman_minor_gate_pass
D:8:      layout_loops_ring, gammafunk_temple_overflow_forgotten,
          minmay_misc_feat_tiny, uniq_grum
D:9:      layout_loops_ring, nicolae_island_escapes
D:10:     layout_roguey, vehumet_altar_wand_db, dpeg_lair_monsters,
          serial_bayou, serial_bayou_pond_d, serial_bayou_ford_a,
          serial_bayou_crossing, serial_bayou_shore_a
D:11:     layout_gridville
D:12:     layout_loops_ring, david_orc_3, ebering_ghost_gozag, uniq_fannar,
          uniq_erolcha
D:13:     layout_big_octagon
D:14:     minmay_expanding_circles, layout_basic,
          hangedman_vaults_entry_quadrant_bands, amethyst_killhole, st_stairs_13
D:15:     gammafunk_enter_depths_forms, layout_loops_ring, ebering_ghost_xom,
          uniq_jorgrun, uniq_nessos, uniq_josephine
Temple:   eino_temple_scatter_basement
Lair:1:   layout_long_grid, serial_rivers, chequers_serial_rivers_small_a,
          chequers_serial_rivers_micro_e, chequers_serial_rivers_micro_d,
          chequers_serial_rivers_room_b, chequers_serial_rivers_micro_c,
          chequers_serial_rivers_micro_b, lemuel_fruit_tree, grunt_megastairs_4,
          minmay_lair_oklob_chamber, uniq_urug
Lair:2:   layout_regular_city, st_stairs_8, infiniplex_staircase_pool_2,
          grunt_megastairs_2
Lair:3:   layout_gridlike, palyth_hydra_swamp_entry, st_stairs_3, minivault_24
Lair:4:   layout_long_grid, spider_nest_entry_web_field, gauntlet_entry_generic,
          portal_ice_cave_entry_pillars_1
Lair:5:   layout_gridlike, slime_dummy, uniq_snorg
Lair:6:   minmay_lair_end_enchanted_forest, layout_long_grid, enter_volcano_2,
          minivault_11, infiniplex_staircase_pool
Orc:1:    layout_diamond_mine, nicolae_orc_bridge_out, uniq_maurice

Notes
Turn   | Place    | Note
-------+----------+-------------------------------------------
     0 | D:1      | Sobieck the Hill Orc Fighter began the quest for the Orb.
     0 | D:1      | Reached XP level 1. HP: 19/19 MP: 1/1
     0 | D:1      | magus.rc [v1.9.6]
    80 | D:1      | Reached skill level 3 in Axes
   130 | D:1      | Reached XP level 2. HP: 27/27 MP: 2/2
   281 | D:1      | You pick up a book of Conjurations {@e2} and begin
                  | reading...
   281 | D:1      | You add the spells Magic Dart, Searing Ray, Dazzling Flash,
                  | Fulminant Prism and Iskenderun's Mystic Blast to your
                  | library.
   576 | D:1      | Reached XP level 3. HP: 33/33 MP: 3/3
  1385 | D:2      | Reached skill level 4 in Fighting
  1502 | D:2      | Reached skill level 4 in Axes
  1589 | D:2      | Reached XP level 4. HP: 24/40 MP: 4/4
  1776 | D:3      | Noticed Robin
  1851 | D:3      | Killed Robin
  2203 | D:5      | Entered Level 5 of the Dungeon
  2229 | D:4      | HP: 10/40 [kobold/+0 short sword (1)]
  2230 | D:4      | Reached skill level 4 in Armour
  2230 | D:4      | Reached skill level 4 in Shields
  2230 | D:4      | Reached XP level 5. HP: 12/47 MP: 5/5
  2699 | D:4      | Noticed a black bear
  2715 | D:4      | Killed a black bear
  2716 | D:4      | Reached skill level 5 in Axes
  2929 | D:5      | Noticed a necrophage
  2937 | D:5      | Killed a necrophage
  2938 | D:5      | Reached skill level 5 in Fighting
  2938 | D:5      | Reached skill level 6 in Axes
  2938 | D:5      | Reached XP level 6. HP: 56/56 MP: 6/6
  2983 | D:4      | Identified a potion of experience
  2984 | D:4      | Reached skill level 14 in Axes
  2984 | D:4      | Reached skill level 8 in Shields
  2984 | D:4      | Reached XP level 7. HP: 57/61 MP: 7/7
  3024 | D:4      | Reached skill level 9 in Shields
  3333 | D:4      | Reached skill level 6 in Fighting
  3512 | D:4      | Found a sparkling altar of Nemelex Xobeh.
  3512 | D:4      | Found a transporter.
  3602 | D:3      | Found a runed translucent gate.
  3602 | D:3      | Found a runed translucent gate.
  3602 | D:3      | Found a runed translucent gate.
  3602 | D:3      | Noticed RennBougie's ghost (amateur TeBe)
  3608 | D:3      | Reached XP level 8. HP: 68/70 MP: 8/8
  3761 | D:4      | Found a staircase to the Ecumenical Temple.
  3768 | D:4      | You pick up a book of Maledictions and begin reading...
  3768 | D:4      | You add the spells Corona, Ensorcelled Hibernation,
                  | Confusing Touch and Tukima's Dance to your library.
  3778 | Temple   | Entered the Ecumenical Temple
  3804 | Temple   | Became a worshipper of Qazlal Stormbringer
  4066 | D:2      | Noticed Jessica
  4082 | D:2      | Killed Jessica
  4163 | D:2      | Found Sywuriwk's Armour Boutique.
  4193 | D:2      | Noticed Natasha
  4200 | D:2      | Killed Natasha
  4329 | D:2      | Found a faded altar of an unknown god.
  4341 | D:2      | Noticed Natasha
  4349 | D:2      | Killed Natasha
  4371 | D:2      | Noticed Natasha
  4373 | D:2      | Killed Natasha
  4438 | D:2      | Found an ancient bone altar of Kikubaaqudgha.
  5688 | D:5      | You pick up a book of Power and begin reading...
  5688 | D:5      | You add the spells Iskenderun's Battlesphere, Bolt of
                  | Magma, Iron Shot, Orb of Destruction and Spellforged
                  | Servitor to your library.
  5746 | D:5      | Noticed Eustachio
  5755 | D:5      | Killed Eustachio
  6279 | D:6      | Reached XP level 9. HP: 75/75 MP: 9/9
  6287 | D:6      | Reached * piety under Qazlal
  6339 | D:7      | Reached skill level 5 in Armour
  6404 | D:6      | Identified the ring "Titun" {Dex+6 Stlth+}
  6439 | D:6      | Reached skill level 1 in Invocations
  6952 | D:6      | Reached skill level 2 in Invocations
  7163 | D:7      | Found Maoryop's Assorted Antiques.
  7323 | D:2      | Bought a +0 kite shield of protection for 161 gold pieces
  8121 | D:7      | Found Xerghyfau's Distillery.
  8244 | D:7      | You pick up a book of Callings and begin reading...
  8244 | D:7      | You add the spells Summon Small Mammal, Call Imp, Call
                  | Canine Familiar, Summon Guardian Golem, Summon Lightning
                  | Spire and Summon Ice Beast to your library.
  8370 | D:7      | Found a blossoming altar of Fedhas.
  8403 | D:7      | Reached skill level 3 in Invocations
  8422 | D:7      | Found Qewulir's Weapon Emporium.
  8747 | D:7      | Found Fojutui's Jewellery Shop.
  8914 | D:7      | Reached skill level 6 in Armour
  8914 | D:7      | Reached skill level 10 in Shields
  8914 | D:7      | Reached XP level 10. HP: 76/83 MP: 12/12
  9093 | D:7      | Reached skill level 4 in Invocations
  9481 | D:7      | Reached skill level 15 in Axes
  9714 | D:7      | Reached ** piety under Qazlal
 10127 | D:8      | Found a hazy altar of Hepliaklqana.
 10127 | D:8      | Found a white marble altar of Elyvilon.
 10127 | D:8      | Found an ornate altar of the Wu Jian Council.
 10253 | D:8      | Reached skill level 5 in Invocations
 10277 | D:8      | Noticed Grum
 10293 | D:8      | Killed Grum
 10723 | D:8      | magus.rc [v1.9.6]
 11134 | D:9      | You pick up a book of Necromancy and begin reading...
 11134 | D:9      | You add the spells Pain, Animate Skeleton, Vampiric
                  | Draining, Animate Dead and Agony to your library.
 11343 | D:9      | Reached skill level 7 in Armour
 11451 | D:10     | Entered Level 10 of the Dungeon
 11465 | D:10     | Reached XP level 11. HP: 84/89 MP: 15/15
 11563 | D:9      | Identified the +5 hand axe of Painful Death {vamp, Fragile
                  | rN+ Dex+7}
 11563 | D:9      | Identified the +0 ring mail of Submission {rPois}
 11818 | D:9      | Gained mutation: Your spells are a little easier to cast,
                  | but a little less powerful. [potion of mutation]
 11818 | D:9      | Gained mutation: You possess an exceptional clarity of
                  | mind. [potion of mutation]
 12048 | D:9      | Found Meohay's Island Escapes.
 12140 | D:10     | Found a radiant altar of Vehumet.
 12159 | D:9      | Reached skill level 6 in Invocations
 12838 | D:10     | Identified the +0 chain mail of the Orb {rPois Str+2}
 12877 | D:10     | Reached *** piety under Qazlal
 13122 | D:10     | Noticed a death yak
 13122 | D:10     | Noticed a death yak
 13154 | D:9      | Killed a death yak
 13175 | D:10     | Noticed a death yak
 13194 | D:9      | Killed a death yak
 13321 | D:9      | Killed a death yak
 13322 | D:9      | Reached skill level 16 in Axes
 13322 | D:9      | Reached skill level 11 in Shields
 13322 | D:9      | Reached skill level 7 in Invocations
 13469 | D:10     | Reached skill level 8 in Armour
 13509 | D:10     | Found a staircase to the Lair.
 13763 | D:10     | Identified the ring of Hahailat {rC++ rN+}
 14297 | D:11     | Noticed a two-headed ogre
 14317 | D:11     | Killed a two-headed ogre
 14318 | D:11     | Reached skill level 8 in Invocations
 14322 | D:11     | Noticed a boulder beetle
 14398 | D:11     | Killed a boulder beetle
 14723 | D:7      | Bought an amulet of guardian spirit for 360 gold pieces
 14824 | D:11     | Noticed a two-headed ogre
 14831 | D:11     | Killed a two-headed ogre
 14852 | D:11     | Reached skill level 9 in Invocations
 14938 | D:12     | Found a staircase to the Orcish Mines.
 14938 | D:12     | Noticed a boulder beetle
 14940 | D:12     | Noticed Fannar
 15043 | D:11     | Reached skill level 12 in Shields
 15250 | D:11     | Reached XP level 12. HP: 86/96 MP: 15/18
 15352 | D:11     | You pick up a book of Minor Magic and begin reading...
 15352 | D:11     | You add the spells Blink, Slow, Conjure Flame and Mephitic
                  | Cloud to your library.
 15364 | D:11     | Noticed a boulder beetle
 15422 | D:11     | Killed a boulder beetle
 15729 | D:11     | magus.rc [v1.9.6]
 15773 | D:12     | Reached skill level 1 in Dodging
 15843 | D:12     | Noticed a two-headed ogre
 15860 | D:12     | Killed a two-headed ogre
 15889 | D:12     | Killed a boulder beetle
 15985 | D:12     | Killed Fannar
 15986 | D:12     | Reached skill level 7 in Fighting
 15986 | D:12     | Reached skill level 2 in Dodging
 16455 | D:12     | Reached **** piety under Qazlal
 16465 | D:12     | Reached skill level 10 in Invocations
 16511 | D:12     | Identified the +8 hunting sling of the Leaping Jester
                  | {venom, rF++}
 16531 | D:12     | Noticed a two-headed ogre
 16542 | D:12     | Killed a two-headed ogre
 16557 | D:12     | Reached skill level 9 in Armour
 16558 | D:12     | Noticed Erolcha
 16574 | D:12     | Killed Erolcha
 16813 | D:12     | You pick up a book of Dreams and begin reading...
 16813 | D:12     | You add the spells Animate Armour, Borgnjor's Vile Clutch,
                  | Silence and Shadow Creatures to your library.
 16926 | D:12     | Found a runed translucent gate.
 16927 | D:12     | Found a runed translucent gate.
 16927 | D:12     | Found an opulent altar of Gozag.
 16928 | D:12     | Found a runed translucent gate.
 16928 | D:12     | Noticed a five-headed hydra
 16928 | D:12     | Noticed a two-headed ogre
 16929 | D:12     | Noticed Synwij's ghost (journeyman DsFi)
 16929 | D:12     | Noticed an ettin
 17185 | Orc:1    | Entered Level 1 of the Orcish Mines
 17230 | Orc:1    | Noticed an orc warlord
 17256 | D:12     | Reached skill level 3 in Dodging
 17272 | D:13     | Noticed a centaur warrior
 17318 | D:13     | Killed a centaur warrior
 17431 | D:13     | Reached skill level 8 in Fighting
 17561 | D:13     | You pick up a book of Hexes and begin reading...
 17561 | D:13     | You add the spells Cause Fear, Yara's Violent Unravelling
                  | and Discord to your library.
 17605 | D:14     | Reached XP level 13. HP: 107/107 MP: 20/20
 18173 | Lair:1   | Entered Level 1 of the Lair of Beasts
 18485 | Lair:1   | Reached skill level 11 in Invocations
 18507 | Lair:1   | Reached skill level 13 in Shields
 18534 | Lair:1   | Reached skill level 4 in Dodging
 18537 | Lair:1   | Noticed Urug
 18556 | Lair:1   | Killed Urug
 18576 | Lair:1   | magus.rc [v1.9.6]
 18823 | Lair:1   | Reached skill level 10 in Armour
 18919 | Lair:1   | Reached skill level 9 in Fighting
 18967 | Lair:1   | Reached ***** piety under Qazlal
 20047 | Lair:2   | You pick up a book of Conjurations {@e2} and begin
                  | reading...
 20134 | Lair:2   | Reached skill level 5 in Dodging
 20733 | Lair:3   | Identified the +4 quarterstaff of the Solstice {venom,
                  | Int+7 Dex-5 SInv}
 20759 | Lair:3   | Reached skill level 12 in Invocations
 20858 | Lair:3   | You pick up a book of Unlife and begin reading...
 20858 | Lair:3   | You add the spells Death Channel and Simulacrum to your
                  | library.
 21363 | Lair:3   | Reached XP level 14. HP: 84/119 MP: 23/23
 21661 | Lair:3   | Reached skill level 10 in Fighting
 21964 | Lair:3   | Found a staircase to the Swamp.
 22273 | Lair:4   | Found a gate leading to a gauntlet.
 22284 | Gauntlet | Entered a Gauntlet
 22284 | Gauntlet | Found a large runed translucent door.
 22284 | Gauntlet | Found a large runed translucent door.
 22284 | Gauntlet | Found a large runed translucent door.
 22284 | Gauntlet | Found a large runed translucent door.
 22284 | Gauntlet | Found a large runed translucent door.
 22284 | Gauntlet | Found a large runed translucent door.
 22284 | Gauntlet | Found a large runed translucent door.
 22284 | Gauntlet | Found a large runed translucent door.
 22284 | Gauntlet | Found a runed translucent door.
 22284 | Gauntlet | Found a runed translucent gate.
 22284 | Gauntlet | Found a transporter.
 22284 | Gauntlet | Found a transporter.
 22284 | Gauntlet | Found a runed translucent gate.
 22284 | Gauntlet | Found a transporter.
 22285 | Gauntlet | Found a transporter.
 22288 | Gauntlet | Found a transporter.
 22293 | Gauntlet | Found a runed translucent gate.
 22293 | Gauntlet | Found a runed translucent door.
 22294 | Gauntlet | Found a large runed translucent door.
 22294 | Gauntlet | Found a large runed translucent door.
 22295 | Gauntlet | Found a large runed translucent door.
 22296 | Gauntlet | Found a large runed translucent door.
 22299 | Gauntlet | Found a transporter.
 22300 | Gauntlet | Found a transporter.
 22316 | Gauntlet | Found a transporter.
 22345 | Gauntlet | Found a transporter.
 22359 | Gauntlet | Found a transporter.
 22376 | Gauntlet | Found a transporter.
 22384 | Gauntlet | Found a transporter.
 22405 | Gauntlet | Found a large runed translucent door.
 22406 | Gauntlet | Found a large runed translucent door.
 22407 | Gauntlet | Found a large runed translucent door.
 22407 | Gauntlet | Found a large runed translucent door.
 22498 | Gauntlet | Identified the +0 pair of boots of Agnosticism {rN+ Str+4
                  | Int-2}
 22545 | Gauntlet | Identified the ring "Gasikamm" {Fly rCorr}
 22577 | Gauntlet | Reached skill level 11 in Armour
 22586 | Gauntlet | You pick up a book of Burglary and begin reading...
 22586 | Gauntlet | You add the spells Passwall, Swiftness, Passage of
                  | Golubria, Lee's Rapid Deconstruction and Invisibility to
                  | your library.
 22869 | Lair:4   | Found a hole to the Spider Nest.
 23253 | Lair:5   | Reached skill level 14 in Shields
 23436 | Lair:5   | Reached skill level 13 in Invocations
 23507 | Lair:5   | Noticed Snorg
 23530 | Lair:5   | Killed Snorg
 23684 | Lair:5   | You fall into a shaft and drop 1 floor!
 23684 | Lair:6   | Entered Level 6 of the Lair of Beasts
 23782 | Lair:6   | Reached skill level 17 in Axes
 23988 | Lair:5   | Identified a scroll of acquirement
 23989 | Lair:5   | Acquired the ring "Uhiwumesch" {*Corrode rC+ Slay+5 SInv}
 24014 | Lair:5   | Found a staircase to the Slime Pits.
 24159 | Lair:6   | Reached ****** piety under Qazlal
 24419 | Lair:6   | Reached skill level 15 in Shields
 24443 | Lair:6   | You pick up a book of Cantrips and begin reading...
 24526 | Lair:6   | Reached XP level 15. HP: 126/126 MP: 24/24
 24549 | Lair:5   | Reached skill level 18 in Axes
 24720 | Lair:6   | Reached skill level 1 in Evocations
 25533 | D:13     | You fall into a shaft and drop 2 floors!
 25533 | D:15     | Entered Level 15 of the Dungeon
 25541 | D:15     | Noticed Josephine
 25552 | D:15     | Noticed Jorgrun
 25575 | D:15     | HP: 31/124 [Jorgrun/+0 vorpal quarterstaff (4)]
 25578 | D:15     | Killed from afar by an efreet

Vanquished Creatures
  A minotaur (Gauntlet)
  Snorg (Lair:5)
  A great orb of eyes (shapeshifter) (Gauntlet)
  Fannar (D:12)
  3 boulder beetles
  6 hydras
  A death knight (D:13)
  Erolcha (D:12)
  2 centaur warriors (D:13)
  4 two-headed ogres
  4 death yaks
  Urug (Lair:1)
  A skeletal warrior (D:13)
  A phantasmal warrior (D:12)
  A lindwurm (Lair:6)
  A manticore (D:13)
  An oklob plant (Lair:1)
  6 ugly things
  An elephant (Lair:6)
  4 black mambas
  A torpor snail (Lair:6)
  7 cane toads
  5 rime drakes
  5 gargoyles
  2 trolls
  8 komodo dragons
  4 polar bears
  5 hornets
  8 slime creatures
  6 dream sheep (Lair:6)
  14 blink frogs
  A shadow (D:13)
  8 wyverns
  A yak (shapeshifter) (Gauntlet)
  Eustachio (D:5)
  13 spriggans (Lair:6)
  58 yaks
  5 wraiths
  A basilisk (shapeshifter) (Gauntlet)
  5 basilisks
  A tarantella (shapeshifter) (Gauntlet)
  Grum (D:8)
  2 steam dragons
  12 vampire mosquitoes
  A warg (D:12)
  A swamp worm (Lair:3)
  3 acid dragons
  16 water moccasins
  2 ice beasts
  4 orc warriors
  2 ice beasts (shapeshifter) (Gauntlet)
  2 necrophages
  6 black bears
  2 ogres
  8 centaurs
  33 wolves
  4 boggarts (Lair:6)
  2 phantoms
  7 kobold brigands
  10 bullfrogs
  A scorpion (D:4)
  A gnoll sergeant (D:8)
  A scorpion (shapeshifter) (Gauntlet)
  A water moccasin skeleton (D:5)
  10 wights
  4 killer bees
  3 electric eels (D:10)
  7 howler monkeys
  2 lava snakes (D:13)
  A bullfrog zombie (D:4)
  6 centaur zombies
  5 jellies
  2 orc priests
  4 hounds
  A gnoll shaman (D:6)
  2 iguanas
  Jessica (D:2)
  Natasha (thrice) (D:2)
  7 orc wizards
  7 hell rats
  A killer bee zombie (D:5)
  A hound skeleton (D:4)
  Robin (D:3)
  2 howler monkey zombies
  7 gnolls
  5 adders
  A river rat (D:10)
  A shadow imp (D:6)
  A white imp (D:5)
  2 ufetubi (D:5)
  22 orcs
  4 ball pythons
  11 endoplasms
  2 giant cockroaches (D:1)
  15 goblins
  11 hobgoblins
  5 jackals
  35 kobolds
  10 quokkas
  8 bats
  A frilled lizard (D:3)
  8 rats
542 creatures vanquished.

Vanquished Creatures (collateral kills)
  A hydra (Lair:3)
1 creature vanquished.

Vanquished Creatures (others)
  41 fungi
  48 plants
  6 toadstools (D:7)
95 creatures vanquished.

Grand Total: 638 creatures vanquished

Table legend:
 A = Non-vault XP
 B = Vault XP
 C = Vault XP percentage of total XP
 D = Non-vault monster count
 E = Vault monster count
 F = Vault count percentage of total count
                 A         B        C        D         E       F
            +---------+---------+-------+---------+---------+-------
      Total |   65166 |   28484 |  30.4 |     398 |     145 |  26.7
            +---------+---------+-------+---------+---------+-------
        D:1 |      40 |       0 |   0.0 |      25 |       0 |   0.0
        D:2 |     125 |      72 |  36.5 |      23 |       2 |   8.0
        D:3 |      22 |      40 |  64.5 |       7 |      13 |  65.0
        D:4 |     477 |      27 |   5.4 |      20 |       2 |   9.1
        D:5 |     749 |     211 |  22.0 |      18 |       1 |   5.3
        D:6 |    1153 |       0 |   0.0 |      21 |       0 |   0.0
        D:7 |    1776 |    1379 |  43.7 |      23 |      24 |  51.1
        D:8 |     978 |     654 |  40.1 |      16 |       5 |  23.8
        D:9 |    1076 |    2654 |  71.2 |      18 |       4 |  18.2
       D:10 |    1376 |      55 |   3.8 |      17 |       8 |  32.0
       D:11 |    6095 |     139 |   2.2 |      25 |       2 |   7.4
       D:12 |    8603 |    1588 |  15.6 |      25 |       5 |  16.7
       D:13 |    6227 |       0 |   0.0 |      18 |       0 |   0.0
       D:14 |    1635 |       0 |   0.0 |       3 |       0 |   0.0
       D:15 |     202 |     635 |  75.9 |       1 |       3 |  75.0
     Lair:1 |    6175 |    2928 |  32.2 |      28 |       9 |  24.3
     Lair:2 |    5727 |     705 |  11.0 |      19 |       3 |  13.6
     Lair:3 |    2439 |    3182 |  56.6 |      16 |       8 |  33.3
     Lair:4 |    1474 |       0 |   0.0 |       5 |       0 |   0.0
     Lair:5 |    8610 |    2452 |  22.2 |      32 |       3 |   8.6
     Lair:6 |   10207 |    8560 |  45.6 |      38 |      45 |  54.2
   Gauntlet |       0 |    3203 | 100.0 |       0 |       8 | 100.0
            +---------+---------+-------+---------+---------+-------

Illustrated notes

Table legend:
 A = Kills in this place as a percentage of kills in entire the game.
 B = Kills by you in this place as a percentage of kills by you in the entire game.
 C = Kills by friends in this place as a percentage of kills by friends in the entire game.
 D = Other kills in this place as a percentage of other kills in the entire game.
 E = Experience gained in this place as a percentage of experience gained in the entire game.
 F = Experience gained in this place divided by the number of levels of this place that you have seen.
                   A       B       C       D       E      F
               +-------+-------+-------+-------+-------+----------------------
         Total | 100.0 | 100.0 | 100.0 |   N/A | 100.0 | 3902.1
       Dungeon |  60.6 |  60.7 |   0.0 |   N/A |  40.6 | 2532.5
          Lair |  37.9 |  37.8 | 100.0 |   N/A |  56.0 | 8743.2
      Gauntlet |   1.5 |   1.5 |   0.0 |   N/A |   3.4 | 3203.0
               +-------+-------+-------+-------+-------+----------------------

Table legend: (Time is in decaauts)
 A = Elapsed time spent in this place.
 B = Non-inter-level travel time spent in this place.
 C = Inter-level travel time spent in this place.
 D = Time resting spent in this place.
 E = Time spent auto-exploring this place.
 F = Levels seen in this place.
 G = Mean time per level.
                   A        B        C        D        E       F      G
               +--------+--------+--------+--------+--------+-----+--------+
         Total |  25292 |  23024 |   2268 |   3999 |  12425 |  24 | 1053.8 |
       Dungeon |  18342 |  16395 |   1947 |   3413 |   8743 |  15 | 1222.8 |
        Temple |     41 |     27 |     14 |      0 |     18 |   1 |   41.0 |
          Lair |   6371 |   6064 |    307 |    481 |   3610 |   6 | 1061.8 |
  Orcish Mines |     58 |     58 |      0 |      0 |      0 |   1 |   58.0 |
      Gauntlet |    478 |    478 |      0 |    105 |     54 |   1 |  478.0 |
               +--------+--------+--------+--------+--------+-----+--------+

Top non-repeatable levels by time:
     D:7: 2252 daAuts
     D:4: 1943 daAuts
    D:12: 1858 daAuts
     D:9: 1842 daAuts
    D:10: 1470 daAuts
  Lair:3: 1394 daAuts
     D:1: 1373 daAuts
  Lair:1: 1288 daAuts
     D:5: 1256 daAuts
    D:11: 1226 daAuts
     D:8: 1161 daAuts
     D:6: 1143 daAuts
     D:3: 1112 daAuts
  Lair:2: 1107 daAuts
     D:2: 1019 daAuts
